 Dungeon Crawl Stone Soup version 0.31-a0-656-gb4d89c20fa (webtiles) character file.

Game seed: 13941586834349394050

2882 SmokeWeed the Chopper (level 9, -3/7 HPs)
             Began as a Purple Draconian Monk on Aug 31, 2023.
             Was a Priest of Okawaru.
             Slain by a wight
             ... wielding a +0 flail
              (7 damage)
             ... on level 8 of the Dungeon.
             The game lasted 00:26:15 (8217 turns).

SmokeWeed the Chopper (Purple Draconian Monk)       Turns: 8217, Time: 00:26:16

HP:   -3/7 (7)      AC:  8    Str: 16    XL:     9   Next: 48%
MP:   9/9           EV: 19    Int: 11    God:    Okawaru [***...]
Gold: 297           SH:  0    Dex: 15    Spells: 8/8 levels left

rFire   . . .        h - +5 hand axe
rCold   . . .        c - orb {light}
rNeg    . . .        (body armour unavailable)
rPois   +            (helmet restricted)
rElec   .            G - +0 cloak
rCorr   .            (no gloves)
SInv    .            (no boots)
Will    +....        (no amulet)
Stlth   +            i - +5 ring of evasion
HPRegen 0.21/turn    k - ring of poison resistance
MPRegen 0.11/turn

%: no passive effects
@: maw-form, glowing, lightly drained
A: devouring maw, reduced hp, breathe power, AC +7, unfitting armour,
cold-blooded
a: Breathe Dispelling Energy, Begin Untransformation, Renounce Religion, Heroism


You were on level 8 of the Dungeon.
You worshipped Okawaru.
Okawaru was most pleased with you.
You were a creature with a mouth for a stomach.
You visited 2 branches of the dungeon, and saw 9 of its levels.

You collected 297 gold pieces.

Inventory:

Hand Weapons
 a - a +0 falchion
 h - a +5 hand axe (weapon)
 v - a +0 club
 H - a +4 flail
 K - a +5 war axe
Missiles
 n - 7 poisoned darts (quivered)
 q - a curare-tipped dart
 s - 2 javelins
Armour
 c - an orb of light (worn)
 C - a +0 buckler
 G - a +0 cloak (worn)
Magical Staves
 p - a staff of death
Jewellery
 i - a +5 ring of evasion (left hand)
 k - a ring of poison resistance (right hand)
 o - a ring of magical power
 F - a ring of protection from cold
Talismans
 j - a storm talisman
 J - a maw talisman (active)
Wands
 l - a wand of flame (42)
 y - a wand of polymorph (11)
 I - a wand of digging (1)
Scrolls
 f - 3 scrolls of teleportation
 w - 2 scrolls of identify
 x - a scroll of blinking
 A - a scroll of poison
 B - a scroll of fog
 E - a scroll of vulnerability
Potions
 b - 3 potions of ambrosia
 d - 2 potions of enlightenment
 e - 6 potions of curing
 g - a potion of haste {unknown}
 m - 2 potions of heal wounds {unknown}
 r - 3 potions of might {unknown}
 t - a potion of invisibility {unknown}
 u - a potion of resistance {unknown}
 z - 2 potions of degeneration {unknown}
 D - a potion of lignification {unknown}


   Skills:
 * Level 6.8 Fighting
 + Level 4.8 Long Blades
 + Level 7.3 Axes
 * Level 4.6 Throwing
 * Level 5.7 Dodging
 * Level 3.6 Stealth
 + Level 0.1 Evocations


You had 8 spell levels left.
You didn't know any spells.
Your spell library contained the following spells:

 Spells                   Type           Power      Damage    Failure   Level
 Apportation              Tloc           0%         N/A       34%         1
 Necrotise                Necr           0%         1d4       34%         1
 Ozocubu's Armour         Ice            0%         N/A       71%         3
 Ozocubu's Refrigeration  Ice            0%         4d7       100%        7
 Summon Small Mammal      Summ           Unusable   N/A       N/A         1

Dungeon Overview and Level Annotations

Branches:
Dungeon (8/15)             Temple (1/1) D:5
   Lair: D:8-11

Altars:
Ashenzari
Cheibriados
Dithmenos
Elyvilon
Fedhas
Hepliaklqana
Kikubaaqudgha
Makhleb
Okawaru
Qazlal
Ru
Sif Muna
Trog
Uskayaw
Vehumet
Wu Jian
Xom
Yredelemnul
Zin
The Shining One


Innate Abilities, Weirdness & Mutations

You are a creature with a mouth for a stomach.
Your midsection houses a second, enormous mouth.
Your maximum health is decreased, since you lack skill for your form.
You can breathe bolts of dispelling energy.
Your rich purple scales are hard. (AC +7)
You cannot fit into any form of body armour.
You are cold-blooded and may be slowed by cold attacks.


Message History

A wight comes into view. It is wielding a +5 war axe.
You hit the wight but do no damage. You bite the wight, but do no damage.
The wight completely misses you.
You hit the wight but do no damage. Your bite misses the wight.
The wight completely misses you.
You slash the wight!
The wight is severely damaged.
The wight barely misses you.
You hit the wight. You tail-slap the wight.
You destroy the wight!
Okawaru accepts your kill.
Things that are here:
a +5 war axe; a +0 robe
K - a +5 war axe No target in view!
There is an open door here.
You open the door.
There is an open door here.
Things that are here:
a +0 club; a +0 mace
Things that are here:
a +0 glaive; a +0 chain mail
Things that are here:
a +0 club; a +0 mace; a +0 chain mail
There is an open door here.
There is an open door here.
You barely miss the wight. You bite the wight, but do no damage.
The wight hits you with a +0 flail.
You hit the wight. You tail-slap the wight.
You bite the wight, but do no damage.
The wight is moderately damaged.
The wight misses you.
You hit the wight but do no damage.
You tail-slap the wight, but do no damage.
The wight is moderately damaged.
You hit the wight. You bite the wight, but do no damage.
The wight is severely damaged.
The wight hits you with a +0 flail!
Ouch! That really hurt!
You die...

#.# #+## #.# ##...## #######
#.###### ##....># #.....#
#......# ##......#####...#####
###....###......##...##.##...###
#.......'......#.8.8.#.#.8.8.#.
##....###......#.._..#.#.._..##
##.#.####....z#.8...#.#...8.##
##...<..###...W##...'#.#'...###
#.....#.# ##....#####...#####.#
#..####.# ##'........⌠..)))...
#..####.# #.#.#####...#####.#
#.......# #.###...'#.#'...###
#.####### ##.##.8...#.#...8.#
#.# ##...#.._..#.#.._..#
#.#########....#.8.8.#.#.8.8.#
#.#.......#....##...##.##...##


You could see a wight.

Vanquished Creatures
  Duvessa (D:4)
  4 orc warriors
  3 ogres
  A sky beast (D:5)
  An ice beast (D:6)
  4 centaurs
  2 kobold brigands (D:3)
  A bullfrog (D:6)
  A gnoll sergeant (D:6)
  A scorpion (D:5)
  10 wights
  Dowan (D:4)
  A howler monkey (D:5)
  3 orc priests
  A gnoll bouda (D:5)
  2 hounds
  2 jellies
  4 orc wizards
  6 iguanas
  A sleepcap (D:4)
  9 gnolls
  4 adders
  A white imp (D:8)
  An ufetubus (D:4)
  2 dart slugs
  25 orcs
  4 ball pythons
  A bat (D:1)
  4 endoplasms
  4 giant cockroaches
  6 goblins
  7 hobgoblins
  A jackal (D:1)
  9 kobolds
  3 quokkas
  A frilled lizard (D:1)
  2 rats
134 creatures vanquished.

Vanquished Creatures (others)
  A quokka (D:4)
1 creature vanquished.

Grand Total: 135 creatures vanquished

Notes
Turn   | Place    | Note
-------+----------+-------------------------------------------
     0 | D:1      | SmokeWeed the Draconian Monk began the quest for the Orb.
     0 | D:1      | Reached XP level 1. HP: 19/19 MP: 1/1
   139 | D:1      | Reached XP level 2. HP: 25/26 MP: 2/2
   323 | D:1      | Found a faded altar of an unknown god.
  1080 | D:2      | Reached XP level 3. HP: 33/33 MP: 3/3
  1678 | D:3      | Noticed a kobold brigand
  1688 | D:3      | Killed a kobold brigand
  1689 | D:3      | Reached XP level 4. HP: 40/40 MP: 4/4
  1914 | D:3      | Found a bloodstained altar of Trog.
  2019 | D:3      | Noticed a kobold brigand
  2029 | D:3      | Killed a kobold brigand
  2030 | D:3      | Reached skill level 1 in Axes
  2030 | D:3      | Reached XP level 5. HP: 47/47 MP: 5/5
  2605 | D:4      | Noticed an orc warrior
  2612 | D:4      | Reached skill level 1 in Throwing
  2639 | D:4      | Reached XP level 6. HP: 28/53 MP: 6/6
  2760 | D:4      | Killed an orc warrior
  2761 | D:4      | Reached skill level 2 in Axes
  2761 | D:4      | Reached skill level 1 in Stealth
  2779 | D:4      | Found a white marble altar of Elyvilon.
  2800 | D:4      | Noticed Duvessa
  2806 | D:4      | Killed Duvessa
  2807 | D:4      | Noticed Dowan
  2813 | D:4      | Killed Dowan
  2814 | D:4      | Your scales start taking on a rich purple colour.
  2814 | D:4      | Reached XP level 7. HP: 60/60 MP: 7/7
  3021 | D:4      | Reached skill level 3 in Axes
  3330 | D:5      | Entered Level 5 of the Dungeon
  3377 | D:5      | Found an iron altar of Okawaru.
  3378 | D:5      | Found a snail-covered altar of Cheibriados.
  3378 | D:5      | Found a broken altar of Ashenzari.
  3470 | D:5      | Found a staircase to the Ecumenical Temple.
  3491 | D:5      | Found a hide-covered altar of Uskayaw.
  3548 | D:5      | Found a hazy altar of Hepliaklqana.
  3570 | D:5      | Reached skill level 5 in Fighting
  3751 | D:5      | Found a stormy altar of Qazlal.
  3758 | D:5      | Reached skill level 4 in Axes
  3784 | D:5      | Reached XP level 8. HP: 62/68 MP: 8/8
  3998 | D:5      | Reached skill level 5 in Axes
  4482 | Temple   | Entered the Ecumenical Temple
  4536 | D:5      | Became a worshipper of Warmaster Okawaru
  4536 | D:5      | Reached * piety under Okawaru
  4536 | D:5      | Reached ** piety under Okawaru
  4976 | D:6      | Reached skill level 6 in Axes
  5167 | D:6      | Reached skill level 5 in Dodging
  6046 | D:7      | Reached *** piety under Okawaru
  6047 | D:7      | Reached XP level 9. HP: 67/75 MP: 9/9
  6612 | D:7      | Noticed Joseph
  6618 | D:7      | Joseph changed into Joseph the centaur
  6618 | D:7      | Noticed Joseph
  6629 | D:7      | Killed Joseph the centaur
  7333 | D:8      | Reached skill level 7 in Axes
  7643 | D:8      | Found a shimmering altar of Xom.
  7646 | D:8      | Found a blossoming altar of Fedhas.
  7649 | D:8      | Found an ancient bone altar of Kikubaaqudgha.
  7652 | D:8      | Found a burning altar of Makhleb.
  8217 | D:8      | Slain by a wight

Illustrated notes

Levels and vault maps discovered:
D:1:      eino_arrival_cavern_a, layout_rooms,
          dreamdust_ecumenical_altar_hidden_monk_grotto, minmay_pentomino_t2
D:2:      layout_basic
D:3:      cheibrodos_thug_alley, layout_basic, lemuel_crystal_altar
D:4:      corexii_shack_village, layout_rooms, elyvilon_altar_4, serial_rivers,
          chequers_serial_rivers_room_a, chequers_serial_rivers_micro_b,
          chequers_serial_rivers_micro_e, chequers_serial_rivers_room_a,
          chequers_serial_rivers_room_b, uniq_duvessa
D:5:      layout_basic, eat_drink_and_be_merry_uskayaw,
          mainiacjoe_overflow_concentric_impassable,
          nicolae_qazlal_beasts_of_the_sky,
          chequers_temple_overflow_statue_of_worship,
          minmay_temple_entry_sparse_star
D:6:      layout_loops_corners
D:7:      layout_basic, grunt_ministairs_5, uniq_joseph
D:8:      layout_loops_corners, grunt_temple_overflow_cloverleaf,
          grunt_ogre_cave
Temple:   hellmonk_temple_two_chambers

Skill      XL: |  1  2  3  4  5  6  7  8  9 |
---------------+----------------------------+-----
Dodging        | 3 4 5 |  5.7
Fighting       | 4 5 6 |  6.8
Long Blades    | 4 |  4.8
Axes           | 1 2 4 6 7 |  7.3
Throwing       | 1 2 3 4 |  4.6
Stealth        | 1 2 3 |  3.6
Evocations     | |  0.1

Action                     |  1- 3 |  4- 6 |  7- 9 || total
---------------------------+-------+-------+-------++-------
  Melee: Falchion          |    49 |       |       ||    49
         Tailslap          |     5 |     6 |    54 ||    65
         Hand axe          |    14 |    28 |   292 ||   334
         Maw               |       |       |     4 ||     4
  Throw: Dart              |     6 |    26 |    28 ||    60
 Invoke: Heroism           |       |       |     2 ||     2
  Evoke: Wand              |       |       |     3 ||     3
    Use: Scroll            |     7 |     3 |     5 ||    15
 Armour: Skin              |     9 |     4 |    45 ||    58
  Dodge: Dodged            |    55 |    19 |   254 ||   328
   Form: Maw               |       |       |     1 ||     1

Table legend: (Time is in decaauts)
 A = Elapsed time spent in this place.
 B = Non-inter-level travel time spent in this place.
 C = Inter-level travel time spent in this place.
 D = Time resting spent in this place.
 E = Time spent auto-exploring this place.
 F = Levels seen in this place.
 G = Mean time per level.
                   A        B        C        D        E       F      G
               +--------+--------+--------+--------+--------+-----+--------+
         Total |   8245 |   8015 |    230 |   1096 |   5506 |   9 |  916.1 |
       Dungeon |   8238 |   8008 |    230 |   1096 |   5506 |   8 | 1029.8 |
        Temple |      7 |      7 |      0 |      0 |      0 |   1 |    7.0 |
               +--------+--------+--------+--------+--------+-----+--------+

Top non-repeatable levels by time:
     D:7: 1323 daAuts
     D:5: 1225 daAuts
     D:6: 1207 daAuts
     D:8: 1115 daAuts
     D:3: 1023 daAuts
     D:4: 928 daAuts
     D:1: 881 daAuts
     D:2: 533 daAuts
  Temple: 7 daAuts
